[Event "Kragero Resort B 2020"]
[Site "Kragero"]
[Date "2020.02.21"]
[Round "5.6"]
[White "Lystad, Maximilian L"]
[Black "Skaslien, Ingrid"]
[Result "0-1"]
[ECO "A38"]
[WhiteElo "1710"]
[BlackElo "1847"]
[Annotator "NA"]
[PlyCount "116"]
[EventDate "2020.02.19"]
[EventType "swiss"]
[EventCountry "NOR"]
[SourceTitle "playchess.com"]
[Source "ChessBase"]
[SourceQuality "1"]
[TimeControl "5400+30"]

1. c4 c5 2. g3 Nc6 3. Bg2 g6 4. Nc3 Bg7 5. d3 Nf6 6. Nf3 O-O 7. O-O d6 8. Bd2 Bd7 9. a3 Qc8 10. Qc1 Bh3 11. Bh6 Bxg2 12. Kxg2 Nd4 13. Bxg7 Kxg7 14. Nxd4 cxd4 15. Ne4 Nxe4 16. dxe4 Qc6 17. f3 Rac8 18. b3 $11 b5 19. Qb2 bxc4 20. Qxd4+ e5 21. Qxc4 Qxc4 22. bxc4 Rxc4 23. Rfd1 Rc6 24. Rd5 f5 25. exf5 gxf5 26. Rb1 Rf7 27. Rb4 Kf6 28. Rh4 Kg6 29. Ra4 Rb7 30. Rda5 Rb2 31. Ra6 Rxa6 32. Rxa6 Rxe2+ 33. Kf1 Rd2 34. Ke1 Rxh2 35. Rxd6+ Kg5 36. Re6 Ra2 37. Rxe5 Rxa3 38. g4 Rxf3 39. gxf5 Rxf5 40. Re7 h5 41. Rxa7 Kg4 42. Rg7+ Kh3 43. Rd7 Rf3 44. Ke2 Rg3 45. Kf2 h4 46. Rd4 Rb3 47. Rc4 Rb2+ 48. Kf3 Rb7 49. Kf2 Rf7+ 50. Kg1 Rf3 51. Rc2 Kg4 52. Rc4+ Kg3 53. Rc8 Kh3 54. Rc2 Rg3+ 55. Kh1 Kg4 56. Rg2 Kf3 57. Rxg3+ hxg3 58. Kg1 g2 0-1

[Event "Kragero Resort B 2020"]
[Site "Kragero"]
[Date "2020.02.21"]
[Round "5.7"]
[White "Westrum, Kim Roger Hansen"]
[Black "Espeland, Jonatan"]
[Result "1-0"]
[ECO "B40"]
[WhiteElo "1809"]
[BlackElo "1737"]
[Annotator "NA"]
[PlyCount "51"]
[EventDate "2020.02.19"]
[EventType "swiss"]
[EventCountry "NOR"]
[SourceTitle "playchess.com"]
[Source "ChessBase"]
[SourceQuality "1"]
[TimeControl "5400+30"]

1. e4 c5 2. Nf3 e6 3. c3 Nf6 4. Bd3 Nc6 5. Bc2 d5 6. e5 Nd7 7. d4 Be7 8. O-O b6 9. Be3 Ba6 10. Re1 O-O 11. a3 c4 12. Qc1 Na5 13. Nbd2 f5 14. exf6 Bxf6 15. Bf4 Re8 16. Rb1 Nc6 17. Ne5 Ncxe5 18. dxe5 Be7 19. Nf3 Nc5 20. Ng5 g6 21. Qe3 Rf8 22. Nxh7 Rxf4 23. Qxf4 Kxh7 24. Qf7+ Kh8 25. Qxg6 Ne4 26. Rxe4 1-0

[Event "Kragero Resort B 2020"]
[Site "Kragero"]
[Date "2020.02.21"]
[Round "5.8"]
[White "Solaas, Timian Martinius Man"]
[Black "Strand, Amund Pihl"]
[Result "1-0"]
[ECO "B41"]
[WhiteElo "1741"]
[BlackElo "1806"]
[Annotator "NA"]
[PlyCount "73"]
[EventDate "2020.02.19"]
[EventType "swiss"]
[EventCountry "NOR"]
[SourceTitle "playchess.com"]
[Source "ChessBase"]
[SourceQuality "1"]
[TimeControl "5400+30"]

1. e4 c5 2. Nf3 e6 3. c4 Nc6 4. d4 cxd4 5. Nxd4 a6 6. Be3 Nf6 7. Nc3 Qc7 8. Be2 Be7 9. O-O h5 10. f4 d6 11. Rc1 Bd7 12. Bf3 g6 13. Qd2 Rc8 14. h3 h4 15. f5 Ne5 16. fxe6 fxe6 17. Be2 Nh5 18. Bxh5 Rxh5 19. b3 Qd8 20. Qf2 Rh7 21. Qe2 Bg5 22. Nf3 Bf6 23. Nxe5 Bxe5 24. Qg4 Rg7 25. Rf3 Bf6 26. e5 dxe5 27. Ne4 Be7 28. Rd1 Qc7 29. Nf6+ Bxf6 30. Rxf6 Qa5 31. Rxe6+ Kf8 32. Rf6+ Kg8 33. Rxd7 Qe1+ 34. Rf1 Qxe3+ 35. Kh1 Rxd7 36. Qxd7 Qc5 37. Rf7 1-0

[Event "Kragero Resort B 2020"]
[Site "Kragero"]
[Date "2020.02.21"]
[Round "5.9"]
[White "Skogli, Paal"]
[Black "Rynning, Rune Kleiven"]
[Result "1/2-1/2"]
[ECO "B56"]
[WhiteElo "1801"]
[BlackElo "1625"]
[Annotator "NA"]
[PlyCount "104"]
[EventDate "2020.02.19"]
[EventType "swiss"]
[EventCountry "NOR"]
[SourceTitle "playchess.com"]
[Source "ChessBase"]
[SourceQuality "1"]
[TimeControl "5400+30"]

1. e4 c5 2. Nf3 d6 3. Bb5+ Bd7 4. Nc3 Nc6 5. d4 cxd4 6. Nxd4 Nf6 7. O-O e6 8. Nxc6 Bxc6 9. Bxc6+ bxc6 10. Qe2 d5 11. Bg5 Be7 12. exd5 cxd5 13. Rad1 O-O 14. Nb5 Qb6 15. b3 Rac8 16. c4 dxc4 17. Bxf6 Bxf6 18. bxc4 a6 19. Nd6 Rc6 20. Ne4 Bd4 21. Rb1 Qc7 22. Rb4 Rc8 23. Rfb1 Rb6 24. Rxb6 Bxb6 25. c5 Bxc5 26. Nxc5 Qxc5 27. Qxa6 Qc2 28. Re1 h6 29. g3 Qc3 30. Rd1 Qc2 31. Re1 Rd8 32. a4 Rd2 33. Qa8+ Kh7 34. Qf3 Kg8 35. Qa8+ Kh7 36. Qa7 Rd1 37. Rxd1 Qxd1+ 38. Kg2 Qd5+ 39. f3 Qa2+ 40. Kh3 e5 41. Qd7 f6 42. Qf5+ Kg8 43. Qe4 Qe6+ 44. Kg2 Qa2+ 45. Kh3 Qe6+ 46. g4 h5 47. Kg3 hxg4 48. fxg4 Qb3+ 49. Kf2 Qa2+ 50. Kg3 Qb3+ 51. Kf2 Qa2+ 52. Kg3 Qb3+ 1/2-1/2

[Event "Kragero Resort B 2020"]
[Site "Kragero"]
[Date "2020.02.21"]
[Round "5.10"]
[White "Sejersted, Adrian"]
[Black "Ostensen, Nicolai Maxime"]
[Result "1-0"]
[ECO "D00"]
[WhiteElo "1788"]
[BlackElo "1658"]
[Annotator "NA"]
[PlyCount "161"]
[EventDate "2020.02.19"]
[EventType "swiss"]
[EventCountry "NOR"]
[SourceTitle "playchess.com"]
[Source "ChessBase"]
[SourceQuality "1"]
[TimeControl "5400+30"]

1. d4 d5 2. Nc3 e6 3. Bf4 a6 4. e3 c5 5. Bd3 Nc6 6. Nf3 Nf6 7. O-O Bd7 8. Re1 c4 9. Bf1 Bb4 10. Bg5 Qa5 11. Bxf6 gxf6 12. Qd2 f5 13. a3 Bd6 14. b4 cxb3 15. cxb3 b5 16. b4 Qb6 17. Ne2 a5 18. Nc3 Nd8 19. bxa5 Rxa5 20. Qb2 b4 21. Reb1 Nc6 22. a4 Na7 23. Ne5 Qc7 24. Nb5 Bxb5 25. axb5 Nxb5 26. Rxa5 Qxa5 27. Nc6 Qb6 28. Nxb4 Na7 29. Qc2 Qc7 30. Qxc7 Bxc7 31. Nxd5 Bd8 32. Nf4 O-O 33. g3 Nc8 34. Be2 Ne7 35. Rb7 Ng6 36. Kg2 Nxf4+ 37. gxf4 Kg7 38. d5 exd5 39. Rd7 Bh4 40. Rxd5 Rb8 41. Rxf5 Rb2 42. Kf3 h6 43. Rd5 Ra2 44. Rd1 Rb2 45. Rg1+ Kf8 46. Rg4 Bf6 47. Bd3 Bg7 48. Rh4 Rd2 49. Be4 Ke7 50. Rh5 Rb2 51. Rf5 Bf6 52. Rh5 Bg7 53. h3 Ra2 54. Bd5 Rc2 55. Kg3 Re2 56. e4 Rd2 57. Rf5 f6 58. Rh5 Rc2 59. f5 Rd2 60. Rh4 Rd3+ 61. Kg2 Rc3 62. Rg4 Kf8 63. f3 Rc2+ 64. Kg3 Rc1 65. Kh4 Rh1 66. Rg3 Re1 67. Kh5 Rc1 68. Kg6 Rc3 69. Kh7 Rc7 70. Rg2 h5 71. h4 Rd7 72. Kg6 Bh8 73. Kxh5 Rh7+ 74. Kg4 Kg7 75. Kh3+ Kh6 76. Rb2 Rg7 77. Rb6 Rg1 78. e5 Rd1 79. Be4 Rh1+ 80. Kg3 Kg7 81. e6 1-0

[Event "Kragero Resort B 2020"]
[Site "Kragero"]
[Date "2020.02.21"]
[Round "5.11"]
[White "Opseth, Oliver"]
[Black "Omtvedt, Per"]
[Result "1-0"]
[ECO "B47"]
[WhiteElo "1894"]
[BlackElo "1894"]
[Annotator "NA"]
[PlyCount "49"]
[EventDate "2020.02.19"]
[EventType "swiss"]
[EventCountry "NOR"]
[SourceTitle "playchess.com"]
[Source "ChessBase"]
[SourceQuality "1"]
[TimeControl "5400+30"]

1. e4 c5 2. Nf3 e6 3. d4 cxd4 4. Nxd4 Nc6 5. Nc3 Qc7 6. Ndb5 Qb8 7. Be2 {[%emt 0:01:59] 7.f4 gains popularity. B47: Sicilian: Taimanov: 5 Nc3 Qc7 6 f4, 6 g3 and 6 Be2.} a6 8. Nd4 Nf6 9. O-O Bc5 10. Be3 {[%emt 0:01:21] [#]} Qd6 $146 ({Predecessor:} 10... Ba7 11. Nxc6 bxc6 12. Bxa7 Rxa7 13. Qd4 d5 14. e5 Nd7 15. f4 c5 16. Qd3 Qxb2 {1-0 (26) Peschleyevsky,V-Medved,V USSR 1990}) 11. Nxc6 $1 Qxc6 12. Bf3 Bxe3 13. fxe3 e5 14. Nd5 Nxd5 15. exd5 Qc5 16. d6 Qxe3+ 17. Kh1 O-O 18. Bd5 Qh6 19. Rxf7 Rxf7 20. Qf3 Qf6 21. Rf1 Kh8 22. Bxf7 Qxd6 23. Bd5 Qf6 24. Qe2 Qe7 {[%emt 0:00:14] [#]} 25. Qxe5 {[%emt 0:00:12] Back Rank} 1-0

[Event "Kragero Resort B 2020"]
[Site "Kragero"]
[Date "2020.02.21"]
[Round "5.12"]
[White "Shehzad, Alisha"]
[Black "Digernes, Mikael"]
[Result "1-0"]
[ECO "B13"]
[WhiteElo "1705"]
[BlackElo "1748"]
[Annotator "NA"]
[PlyCount "83"]
[EventDate "2020.02.19"]
[EventType "swiss"]
[EventCountry "NOR"]
[SourceTitle "playchess.com"]
[Source "ChessBase"]
[SourceQuality "1"]
[TimeControl "5400+30"]

1. e4 c6 2. d4 d5 3. exd5 cxd5 4. Bd3 Nc6 5. c3 Qc7 6. Nf3 Bg4 7. O-O e6 8. Be3 Nf6 9. Nbd2 Bd6 10. h3 h5 11. Qc2 O-O-O 12. b4 Rdg8 13. a3 Bf4 14. Bxf4 Qxf4 15. c4 Kb8 16. b5 Nxd4 17. Nxd4 Bxh3 18. gxh3 Qxd4 19. Nf3 Qf4 20. Qe2 Ne4 21. Bxe4 dxe4 22. Nd2 f5 23. Qe3 Qe5 24. Rfd1 g5 25. Nb3 Rd8 26. Rd4 f4 27. Qxe4 Qxe4 28. Rxe4 b6 29. Nd4 Kb7 30. Nxe6 Rdg8 31. Kh2 f3 32. Rd1 Rh7 33. Nd8+ Ka8 34. Nc6 g4 35. h4 g3+ 36. fxg3 Rhg7 37. Re7 Rxe7 38. Nxe7 Rf8 39. Nc6 Rf7 40. Rf1 a6 41. a4 Kb7 42. Nd8+ 1-0

[Event "Kragero Resort B 2020"]
[Site "Kragero"]
[Date "2020.02.21"]
[Round "6.1"]
[White "Aasen, Kjetil Myrlid"]
[Black "Leonhardsen, Vebjorn Maanum"]
[Result "0-1"]
[ECO "B17"]
[WhiteElo "1892"]
[BlackElo "1845"]
[Annotator "NA RC"]
[PlyCount "114"]
[EventDate "2020.02.19"]
[EventType "swiss"]
[EventCountry "NOR"]
[SourceTitle "playchess.com"]
[Source "ChessBase"]
[SourceQuality "1"]
[TimeControl "5400+30"]

1. e4 c6 2. Nf3 d5 3. Nc3 dxe4 4. Nxe4 Nf6 5. Qe2 Nxe4 6. Qxe4 Nd7 7. Bc4 e6 8. O-O Nf6 9. Qe2 Be7 10. c3 O-O 11. d4 b5 {[%emt 0:02:47] B17: Caro-Kann: Modern Line (4...Nd7).} 12. Bd3 Bb7 {[%emt 0:00:13] [#]} 13. Rd1 $146 ({Predecessor:} 13. Re1 a6 14. a4 Qd5 15. Bg5 Rfd8 16. b4 h6 17. Bxf6 Bxf6 18. Be4 Qd6 19. Qe3 a5 20. axb5 axb4 21. cxb4 {½-½ (30) Tseshkovsky,V (2455)-Meduna,E (2425) Trnava 1986}) 13... Qc7 14. Ng5 a6 15. Ne4 Nxe4 16. Qxe4 g6 17. Bh6 c5 18. Qe5 Qxe5 19. dxe5 Rfd8 20. Be2 Rxd1+ 21. Rxd1 Rd8 22. Rxd8+ Bxd8 23. Be3 Be7 24. f4 h5 25. Kf2 Kf8 26. Bf3 Bxf3 27. Kxf3 Ke8 28. Ke4 Kd7 29. h3 Kc6 30. g4 hxg4 31. hxg4 Bd8 32. b3 Be7 33. c4 bxc4 34. bxc4 Bf8 35. f5 exf5+ 36. gxf5 gxf5+ 37. Kxf5 Bg7 38. Bf2 Kb6 39. Be1 Bh8 40. a4 Bg7 41. Bd2 Kc6 42. a5 Kd7 43. Bg5 Kc7 44. Be7 Kc6 (44... Kb7 $11 {remains equal.}) 45. Bd6 Kd7 46. Bxc5 Kc7 $11 47. Be7 Kc6 48. Bb4 Kc7 49. Ke4 Kc6 50. Bc3 Bh6 51. Bd4 Bf8 52. Kf5 Bg7 53. Be3 Kd7 54. Bd4 Kc6 55. Ke4 Bh6 56. Be3 Bg7 57. Bg5 Kc5 0-1

[Event "Kragero Resort B 2020"]
[Site "Kragero"]
[Date "2020.02.21"]
[Round "6.2"]
[White "Seo, Jung Hyun"]
[Black "Bernstein, Jonas August"]
[Result "1/2-1/2"]
[ECO "C10"]
[WhiteElo "1816"]
[BlackElo "1798"]
[Annotator "NA RC"]
[PlyCount "83"]
[EventDate "2020.02.19"]
[EventType "swiss"]
[EventCountry "NOR"]
[SourceTitle "playchess.com"]
[Source "ChessBase"]
[SourceQuality "1"]
[TimeControl "5400+30"]

1. e4 e6 2. d4 d5 3. Nd2 dxe4 4. Nxe4 Nd7 5. Nf3 Ngf6 6. Nxf6+ Nxf6 7. g3 Be7 8. Bg2 c5 9. O-O O-O 10. c3 Qb6 {[%emt 0:02:09] C10: French with 3 Nc3: Unusual Black 3rd moves and 3...dxe4.} 11. Qb3 {[%emt 0:01:50] [#]} Qa6 $146 ({Predecessor:} 11... Qxb3 12. axb3 cxd4 13. Nxd4 Nd5 14. Nf5 Bc5 15. b4 Bb6 16. Bxd5 exf5 17. Bf4 h6 18. h4 {½-½ (53) Hebbinghaus,H (2297)-Noack,R (2118) Bargteheide 2008}) 12. Bf4 Nd5 13. Bd2 Bd7 14. c4 Ba4 15. Qd3 Nf6 16. b3 Bc6 17. Rfe1 Rfd8 18. d5 Bxd5 19. Qc2 Bc6 20. Bc3 h6 21. h3 b5 22. Re3 bxc4 23. bxc4 Rab8 24. Rae1 Qxc4 25. g4 Nd5 26. Ne5 Nxe3 27. fxe3 Qa4 28. Qf2 Be8 29. Bc6 Bh4 30. Qf3 $2 (30. Qf1 Qc2 31. Bxe8 Rxe8 32. Rc1) 30... Qc2 31. Bxe8 Qf2+ 32. Qxf2 Bxf2+ 33. Kxf2 Rxe8 34. Rd1 Red8 35. Rf1 Rb7 36. Ke2 f6 37. Nd3 c4 38. Nb2 Rc8 39. Rf4 $11 e5 40. Re4 (40. Rf2 $11 {remains equal.}) 40... a5 (40... Rb6 $17 41. a3 Rbc6) 41. Nxc4 Rbc7 42. Kd3 1/2-1/2

[Event "Kragero Resort B 2020"]
[Site "Kragero"]
[Date "2020.02.21"]
[Round "6.3"]
[White "Halvorsen, Benjamin"]
[Black "Solaas, Timian Martinius Man"]
[Result "1-0"]
[ECO "B50"]
[WhiteElo "1861"]
[BlackElo "1741"]
[Annotator "NA"]
[PlyCount "71"]
[EventDate "2020.02.19"]
[EventType "swiss"]
[EventCountry "NOR"]
[SourceTitle "playchess.com"]
[Source "ChessBase"]
[SourceQuality "1"]
[TimeControl "5400+30"]

1. e4 c5 2. Nf3 g6 3. g3 Nc6 4. Bg2 Bg7 5. c3 e5 6. O-O d6 7. Na3 Nge7 8. Nc2 O-O 9. d4 Qc7 10. dxc5 dxc5 11. Qe2 h6 12. Be3 b6 13. Nd2 Be6 14. f4 Rad8 15. f5 gxf5 16. Qh5 fxe4 17. Bxh6 f6 18. Nxe4 Nf5 19. Bxg7 Nxg7 20. Qg6 Ne7 21. Nxf6+ Rxf6 22. Qxf6 Bd5 23. Bxd5+ Nxd5 24. Qg5 c4 25. Rae1 Qc5+ 26. Ne3 Re8 27. Rf2 Nxe3 28. Qxe3 Qd5 29. Qe4 Qd3 30. Re3 Qd1+ 31. Rf1 Qd2 32. Qxc4+ Kh8 33. Ref3 Qd8 34. Rf6 Kh7 35. Qe4+ Kg8 36. Rh6 1-0

[Event "Kragero Resort B 2020"]
[Site "Kragero"]
[Date "2020.02.21"]
[Round "6.4"]
[White "Skaslien, Ingrid"]
[Black "Austad, Eirik"]
[Result "0-1"]
[ECO "E94"]
[WhiteElo "1847"]
[BlackElo "1796"]
[Annotator "NA"]
[PlyCount "50"]
[EventDate "2020.02.19"]
[EventType "swiss"]
[EventCountry "NOR"]
[SourceTitle "playchess.com"]
[Source "ChessBase"]
[SourceQuality "1"]
[TimeControl "5400+30"]

1. d4 Nf6 2. c4 g6 3. Nc3 Bg7 4. e4 d6 5. Be2 Na6 6. Nf3 O-O 7. O-O e5 8. d5 Nc5 9. Qc2 a5 10. Rb1 Ne8 11. Ne1 f5 12. f3 f4 13. Nd3 h5 14. a3 g5 15. b4 Nxd3 16. Bxd3 g4 17. c5 Rf6 18. Kh1 Rg6 19. Rg1 g3 20. h3 Qh4 21. Bf1 Nf6 22. Nb5 Ng4 23. fxg4 hxg4 24. Rb2 gxh3 25. Bd3 hxg2+ {[%emt 0:00:55] Bf1 Bh3+ Rxg2 f3} 0-1

[Event "Kragero Resort B 2020"]
[Site "Kragero"]
[Date "2020.02.21"]
[Round "6.5"]
[White "Nordquelle, Amelia"]
[Black "Westrum, Kim Roger Hansen"]
[Result "0-1"]
[ECO "E97"]
[WhiteElo "1768"]
[BlackElo "1809"]
[Annotator "NA"]
[PlyCount "52"]
[EventDate "2020.02.19"]
[EventType "swiss"]
[EventCountry "NOR"]
[SourceTitle "playchess.com"]
[Source "ChessBase"]
[SourceQuality "1"]
[TimeControl "5400+30"]

1. d4 Nf6 2. c4 g6 3. Nc3 Bg7 4. e4 d6 5. Nf3 O-O 6. Be2 e5 7. O-O Nc6 8. d5 Ne7 9. a3 Ne8 10. b4 f5 11. Bb2 Nf6 12. Nd2 f4 13. c5 g5 14. h3 Ng6 15. Rc1 Rf7 16. Re1 Bf8 17. Na4 Rg7 18. b5 Nh4 19. c6 b6 20. Bg4 Bxg4 21. hxg4 h5 22. gxh5 g4 23. g3 Nxh5 24. gxh4 Qxh4 25. Kg2 f3+ 26. Nxf3 Qh3+ 0-1

[Event "Kragero Resort B 2020"]
[Site "Kragero"]
[Date "2020.02.21"]
[Round "6.6"]
[White "Skogli, Paal"]
[Black "Opseth, Oliver"]
[Result "1-0"]
[ECO "A56"]
[WhiteElo "1801"]
[BlackElo "1894"]
[Annotator "NA"]
[PlyCount "63"]
[EventDate "2020.02.19"]
[EventType "swiss"]
[EventCountry "NOR"]
[SourceTitle "playchess.com"]
[Source "ChessBase"]
[SourceQuality "1"]
[TimeControl "5400+30"]

1. d4 Nf6 2. c4 c5 3. e3 d6 4. Nf3 g6 5. Nc3 Bg7 6. d5 Bg4 7. e4 Nbd7 8. Be2 a6 9. a4 O-O 10. O-O Bxf3 11. Bxf3 b5 12. cxb5 axb5 13. Nxb5 Ne5 14. Qe2 Qa5 15. Bd2 Nxf3+ 16. gxf3 Qa6 17. Qe3 Rfc8 18. Bc3 Nd7 19. Bxg7 Kxg7 20. f4 Nb6 21. f5 Nxa4 22. Nc3 Qc4 23. Nxa4 Rxa4 24. b3 Qxe4 25. Rxa4 Qxf5 26. Qe4 Qf6 27. f4 Rb8 28. Rf3 Qb2 29. Qd3 f6 30. Ra7 Kf7 31. Qe3 Qb1+ 32. Rf1 1-0

[Event "Kragero Resort B 2020"]
[Site "Kragero"]
[Date "2020.02.21"]
[Round "6.7"]
[White "Rynning, Rune Kleiven"]
[Black "Sejersted, Adrian"]
[Result "1-0"]
[ECO "B01"]
[WhiteElo "1625"]
[BlackElo "1788"]
[Annotator "NA RC"]
[PlyCount "109"]
[EventDate "2020.02.19"]
[EventType "swiss"]
[EventCountry "NOR"]
[SourceTitle "playchess.com"]
[Source "ChessBase"]
[SourceQuality "1"]
[TimeControl "5400+30"]

1. e4 d5 2. exd5 Qxd5 3. Nc3 Qd8 4. Bc4 Nf6 5. Nf3 a6 6. a4 Nc6 7. O-O e6 8. d4 Be7 9. Re1 b6 10. h3 Bb7 11. Bf4 O-O 12. Qd2 Na5 13. Be2 Bb4 14. Bg5 h6 15. Bh4 c5 16. Qf4 Bxc3 17. bxc3 Rc8 18. Ne5 Nd5 19. Bxd8 Nxf4 20. Bxb6 Nxe2+ 21. Rxe2 Nc6 22. Bxc5 Rfd8 23. Nxc6 Bxc6 24. a5 Rb8 25. Bb4 Rd5 26. Rae1 Rg5 27. g3 Bd5 28. Re5 Rg6 29. Rb1 f5 30. Kh2 h5 31. h4 Rb7 32. f4 Rg4 33. Ree1 g5 34. fxg5 f4 35. Bd6 Rxb1 36. Rxb1 Rxg3 37. Bxf4 Rxc3 38. Rc1 Rc4 39. c3 Ra4 40. Bc7 Kg7 41. Kg3 Ra2 42. c4 Be4 43. c5 Bc6 44. Rf1 Rg2+ 45. Kf4 Re2 46. Be5+ Kg8 47. Bf6 Re4+ 48. Kg3 Rg4+ 49. Kf2 Rxh4 50. g6 Rg4 51. g7 h4 52. Be5 Rg2+ 53. Ke3 h3 54. Rf8+ Kh7 55. Rh8+ 1-0

[Event "Kragero Resort B 2020"]
[Site "Kragero"]
[Date "2020.02.21"]
[Round "6.8"]
[White "Olsen, William Alexander"]
[Black "Shehzad, Alisha"]
[Result "1/2-1/2"]
[ECO "B23"]
[WhiteElo "1862"]
[BlackElo "1705"]
[Annotator "NA"]
[PlyCount "108"]
[EventDate "2020.02.19"]
[EventType "swiss"]
[EventCountry "NOR"]
[SourceTitle "playchess.com"]
[Source "ChessBase"]
[SourceQuality "1"]
[TimeControl "5400+30"]

1. e4 c5 2. Nc3 Nc6 3. f4 g6 4. Nf3 Bg7 5. Bb5 Nd4 6. O-O a6 7. Bd3 e6 8. e5 Nxf3+ 9. Qxf3 d5 10. a4 b6 11. b3 Ne7 12. Ba3 Qc7 13. Qf2 Nc6 14. Rab1 Rb8 15. a5 Nxa5 16. b4 Nb7 17. bxc5 Nxc5 18. Bxc5 bxc5 19. Rxb8 Qxb8 20. Qxc5 Bf8 21. Qc6+ Bd7 22. Qxa6 Bc5+ 23. Kh1 O-O 24. Ne2 Qb2 25. Nc3 Rb8 26. g4 Qb7 27. Rb1 Qa7 28. Rxb8+ Qxb8 29. Bb5 Bc8 30. Qc6 Ba7 31. Ne2 Bb7 32. Qd6 Qxd6 33. exd6 d4+ 34. Kg1 d3+ 35. Kf1 dxe2+ 36. Kxe2 Kf8 37. c3 Bb8 38. d7 Ke7 39. Ke3 g5 40. fxg5 Bxh2 41. c4 Bc7 42. d4 Kd6 43. c5+ Kd5 44. Bd3 e5 45. Be4+ Kc4 46. Bxb7 exd4+ 47. Ke4 Kxc5 48. Bd5 Bd8 49. Bxf7 Bxg5 50. Bg8 Kd6 51. Bxh7 Kxd7 52. Kxd4 Ke6 53. Ke4 Kf6 54. Bf5 Bc1 1/2-1/2

[Event "Kragero Resort B 2020"]
[Site "Kragero"]
[Date "2020.02.21"]
[Round "6.9"]
[White "Haug, Havard"]
[Black "Hausken, Andreas Skrede"]
[Result "0-1"]
[ECO "B22"]
[WhiteElo "1626"]
[BlackElo "1856"]
[Annotator "NA"]
[PlyCount "148"]
[EventDate "2020.02.19"]
[EventType "swiss"]
[EventCountry "NOR"]
[SourceTitle "playchess.com"]
[Source "ChessBase"]
[SourceQuality "1"]
[TimeControl "5400+30"]

1. e4 c5 2. c3 Nf6 3. e5 Nd5 4. d4 cxd4 5. cxd4 e6 6. Nc3 Nxc3 7. bxc3 d6 8. Nf3 dxe5 9. Nxe5 Be7 10. Bb5+ Nd7 11. Qa4 f6 12. Nd3 O-O 13. O-O a6 14. Bc4 Nb6 15. Qb3 Nxc4 16. Qxc4 Qd5 17. Qxd5 exd5 18. Nf4 Rd8 19. Re1 Kf7 20. Bd2 Bf5 21. g3 Rac8 22. Re3 Rc4 23. Rae1 Ba3 24. Ne6 Rd7 25. f3 Bxe6 26. Rxe6 Bb2 27. R6e3 Ra4 28. Bc1 Bxc1 29. Rxc1 Rxa2 30. Rce1 Ra3 31. Kf2 Rc7 32. Re6 Rcxc3 33. Re7+ Kg6 34. Rxb7 Rxf3+ 35. Kg2 Rfe3 36. Rxe3 Rxe3 37. Rd7 a5 38. Rxd5 a4 39. Ra5 a3 40. Kh3 Rd3 41. d5 Kf5 42. d6+ Ke6 43. d7 Kxd7 44. Ra7+ Kc6 45. Kg4 Kb6 46. Ra8 Kb5 47. Kf5 Kb4 48. Ke4 Rd2 49. Rb8+ Kc3 50. h4 a2 51. Ra8 Kb2 52. Rb8+ Ka1 53. Kf5 Rb2 54. Rd8 Kb1 55. Ke6 a1=Q 56. Rd1+ Ka2 57. Rxa1+ Kxa1 58. Kf7 Rb4 59. Kxg7 Rg4+ 60. Kxh7 Rxg3 61. h5 f5 62. h6 f4 63. Kh8 Rh3 64. h7 f3 65. Kg8 f2 66. h8=Q+ Rxh8+ 67. Kxh8 f1=Q 68. Kh7 Qg1 69. Kh8 Kb2 70. Kh7 Kc3 71. Kh6 Kd4 72. Kh7 Ke5 73. Kh6 Kf6 74. Kh5 Qg5# 0-1

[Event "Kragero Resort B 2020"]
[Site "Kragero"]
[Date "2020.02.21"]
[Round "6.10"]
[White "Strand, Amund Pihl"]
[Black "Berg, Thomas"]
[Result "1-0"]
[ECO "A80"]
[WhiteElo "1806"]
[BlackElo "2235"]
[Annotator "ChessBase"]
[PlyCount "67"]
[EventDate "2020.02.19"]
[EventType "swiss"]
[EventCountry "NOR"]
[SourceTitle "playchess.com"]
[Source "ChessBase"]
[SourceQuality "1"]
[TimeControl "5400+30"]

1. d4 f5 2. Nf3 Nf6 3. e3 g6 4. b3 Bg7 5. Bd3 O-O 6. Bb2 b6 7. c4 Bb7 8. O-O e6 9. Qe2 d6 10. Nc3 h6 11. Rad1 d5 12. Ne5 Kh7 13. Bb1 Nbd7 14. Nd3 a5 15. f3 c6 16. Nf2 Qe7 17. e4 Rae8 18. Rfe1 Qf7 19. e5 Nh5 20. Qd2 Qe7 21. cxd5 exd5 22. Nh3 Qe6 23. Ba3 Rg8 24. Re2 Ba6 25. Rf2 Bf8 26. Bxf8 Rexf8 27. Nf4 Nxf4 28. Qxf4 b5 29. Bd3 Bb7 30. Qd2 Kg7 31. Ne2 Ra8 32. Nf4 Qe8 33. g4 Qf8 34. Ne6+ 1-0

[Event "Kragero Resort B 2020"]
[Site "Kragero"]
[Date "2020.02.21"]
[Round "6.11"]
[White "Heitun, Odd Gunnar"]
[Black "Aasen, Joakim"]
[Result "0-1"]
[ECO "D94"]
[WhiteElo "1599"]
[BlackElo "1745"]
[Annotator "NA"]
[PlyCount "76"]
[EventDate "2020.02.19"]
[EventType "swiss"]
[EventCountry "NOR"]
[SourceTitle "playchess.com"]
[Source "ChessBase"]
[SourceQuality "1"]
[TimeControl "5400+30"]

1. d4 Nf6 2. c4 c5 3. e3 g6 4. Nc3 Bg7 5. Nf3 O-O 6. Be2 d5 7. dxc5 Qa5 8. cxd5 Rd8 9. Bd2 Qxc5 10. h3 Nxd5 11. Qb3 Nxc3 12. Bxc3 Be6 13. Qc2 Na6 14. Bxa6 bxa6 15. O-O Rac8 16. Rfc1 Bxc3 17. bxc3 f6 18. Nd4 Bc4 19. Rab1 e5 20. Nb3 Qc7 21. Qb2 Rd7 22. g3 Rcd8 23. Qa1 a5 24. a4 Rd3 25. Qa3 Qc8 26. g4 h5 27. Nxa5 Bd5 28. Qb4 Qd7 29. Qb5 Bf3 30. Qxd7 R8xd7 31. gxh5 gxh5 32. Kh2 h4 33. Rg1+ Kf7 34. Rbc1 Rd2 35. Rgf1 Rd8 36. Nc4 R2d3 37. Rc2 Rg8 38. Rg1 Rxg1 0-1

[Event "Kragero Resort B 2020"]
[Site "Kragero"]
[Date "2020.02.21"]
[Round "6.12"]
[White "Espeland, Jonatan"]
[Black "Aasen, Fredrik"]
[Result "1/2-1/2"]
[ECO "A37"]
[WhiteElo "1737"]
[BlackElo "1625"]
[Annotator "NA RC"]
[PlyCount "78"]
[EventDate "2020.02.19"]
[EventType "swiss"]
[EventCountry "NOR"]
[SourceTitle "playchess.com"]
[Source "ChessBase"]
[SourceQuality "1"]
[TimeControl "5400+30"]

1. c4 c5 2. Nc3 g6 3. g3 Bg7 4. Bg2 Nc6 5. a3 d6 6. Rb1 a5 7. d3 e5 8. Nf3 Nge7 9. O-O O-O 10. Ne1 Be6 11. Nc2 d5 12. cxd5 Nxd5 13. Ne3 Nde7 14. Nc4 Rb8 15. Qa4 Bd7 16. Qb3 Be6 17. Qb6 Bxc4 18. Qxd8 Rfxd8 19. dxc4 h6 20. Be3 b6 21. Nd5 Nxd5 22. Bxd5 Ne7 23. Bg2 Nf5 24. Bd5 Ne7 25. Bg2 Nf5 26. b4 axb4 27. axb4 Bf8 28. b5 Nd4 29. Bxd4 cxd4 30. Bd5 Bc5 31. Rb2 Re8 32. Ra2 Re7 33. Rfa1 Kg7 34. Ra7 Rbe8 35. Kg2 Rxa7 36. Rxa7 Re7 37. Ra8 e4 38. Ra2 Bb4 39. f3 e3 1/2-1/2